WCHLSIM.com - West Coast Hockey League
html PUBLIC "-//W3C//DTD XHTML 1.0 Transitional//EN" "http://www.w3.org/TR/xhtml1/DTD/xhtml1-transitional.dtd"> WCHL - Game 910 - ANCHORAGE ACES vs VANCOUVER VOODOO

ANCHORAGE ACES vs VANCOUVER VOODOO

Created - 28 février 2023 at 07:30

Goals
1 2 3 T
ANCHORAGE ACES 0 2 0 2
VANCOUVER VOODOO 0 0 3 3
Shots
1 2 3 T
ANCHORAGE ACES 10 16 7 33
VANCOUVER VOODOO 8 5 10 23

1st period

No Goal

Penalties :
Ryan Lomberg (ANC) for Hooking (Minor) at 13:01

2nd period

1. ANCHORAGE ACES , Chris Kreider 24 (Joshua Norris 28, Jonathan Audy-Marchessault 49) at 1:18
2. ANCHORAGE ACES , Connor McDavid 40 (Nathan MacKinnon 49) at 3:40

Penalties :
Logan Stanley (VAN) for Delaying the game (Minor) at 12:13, Logan Stanley (VAN) for Holding (Minor) at 16:04

3rd period

3. VANCOUVER VOODOO , Noel Acciari 1 (Brendan Lemieux 5, Samuel Montembeault) at 11:17
4. VANCOUVER VOODOO , Patric Hornqvist 16 (Anthony Beauvillier 16, Jake Evans 8) at 11:30
5. VANCOUVER VOODOO , Brendan Gallagher 9 (Noel Acciari 6, Brendan Lemieux 6) at 14:25

Penalties :
Chris Kreider (ANC) for Holding (Minor) at 19:36

Goalie Stats

Brian Elliott (ANC), 20 saves from 23 shots - (0,870), L, 9-2-0, 59:50 minutes
Samuel Montembeault (VAN), 31 saves from 33 shots - (0,939), W, 4-20-1, 60:00 minutes

Players Stats for ANCHORAGE ACES

Player Name              G  A  P  +/- PIM S  H  SB GA TA FO     MP     PP MP  PK MP  
------------------------------------------------------------------------------------
Alex Goligoski           0  0  0  -3  0   0  1  0  0  0  0/0    20:00   2:10   0:00 
Andrew Ladd              0  0  0   0  0   0  0  0  0  0  0/0     4:59   0:00   0:00 
Ben Chiarot              0  0  0   0  0   0  1  1  0  0  0/0     4:36   0:00   0:00 
Chris Kreider            1  0  1  -2  2   5  0  0  0  0  0/2    20:11   1:48   0:37 
Connor McDavid           1  0  1   1  0   6  1  0  0  0  13/23  18:34   2:10   0:00 
Erik Haula               0  0  0   0  0   2  0  0  0  0  2/2    15:07   0:00   0:37 
Jakob Chychrun           0  0  0   1  0   0  0  1  0  0  0/0    23:54   2:10   0:34 
Jani Hakanpaa            0  0  0   0  0   0  2  0  0  0  0/0    12:01   0:00   1:16 
Jean-Sebastien Dea       0  0  0   0  0   0  0  0  0  0  4/6     4:59   0:00   0:00 
John Klingberg           0  0  0   2  0   0  0  2  0  0  0/0    18:31   1:48   0:00 
Jonathan Audy-Marchessau 0  1  1  -2  0   2  0  0  0  0  0/1    19:35   1:48   0:00 
Joshua Norris            0  1  1  -2  0   4  1  0  0  0  10/20  19:35   1:48   0:00 
Nathan MacKinnon         0  1  1   1  0   4  2  0  0  0  2/4    18:34   2:10   0:00 
Nikolaj Ehlers           0  0  0   1  0   5  1  0  0  0  0/3    22:58   2:10   1:22 
Phillip Danault          0  0  0   0  0   2  0  0  0  0  10/20  16:15   0:00   1:45 
Ryan Lomberg             0  0  0   0  2   1  0  0  0  0  0/0    14:52   0:00   0:23 
Ryan Pulock              0  0  0   0  0   0  1  0  0  0  0/0    17:14   0:00   1:06 
Seth Jones               0  0  0  -2  0   2  1  3  0  0  0/0    25:41   1:48   1:48 

Players Stats for VANCOUVER VOODOO

Player Name              G  A  P  +/- PIM S  H  SB GA TA FO     MP     PP MP  PK MP  
------------------------------------------------------------------------------------
Anthony Beauvillier      0  1  1   1  0   1  0  0  0  0  0/0    16:58   0:56   0:03 
Braden Schneider         0  0  0   2  0   0  4  2  0  0  0/0    19:13   0:00   1:59 
Brendan Gallagher        1  0  1   1  0   4  0  0  0  0  0/2    14:34   1:39   0:00 
Brendan Lemieux          0  2  2   1  0   1  3  1  0  0  1/1    14:08   0:00   1:13 
Cole Sillinger           0  0  0  -1  0   1  2  0  0  0  9/20   18:50   0:23   0:00 
Dominik Kubalik          0  0  0  -1  0   3  0  1  0  0  0/0    18:49   0:00   0:22 
Jack McBain              0  0  0   0  0   1  2  0  0  0  0/1     8:45   0:00   2:31 
Jake Evans               0  1  1   1  0   3  0  0  0  0  10/17  15:46   0:00   0:00 
John Moore               0  0  0   2  0   0  3  0  0  0  0/0    19:13   0:00   1:59 
Jordan Harris            0  0  0  -1  0   1  1  1  0  0  0/0    21:08   1:26   1:56 
Josh Anderson            0  0  0  -1  0   0  3  0  0  0  2/4    19:00   0:23   0:00 
Logan Stanley            0  0  0   0  4   2  6  0  0  0  0/0    19:24   0:56   0:00 
Marcus Johansson         0  0  0   0  0   0  0  0  0  0  0/0     7:18   0:43   0:03 
Matthew Grzelcyk         0  0  0   0  0   0  1  1  0  0  0/0    22:39   0:56   1:48 
Noel Acciari             1  1  2   1  0   1  0  0  0  0  8/19   15:26   1:03   1:13 
Patric Hornqvist         1  0  1   1  0   3  0  0  0  0  0/0    16:24   0:20   0:00 
Radek Faksa              0  0  0   0  0   2  0  0  0  0  10/17  10:24   1:39   2:31 
Sebastien Aho            0  0  0  -1  0   0  0  2  0  0  0/0    18:01   1:26   0:14 

3 Stars

1 - Noel Acciari (VAN)
2 - Brendan Lemieux (VAN)
3 - Brendan Gallagher (VAN)

Power Play

ANCHORAGE ACES - 0 on 2 Attempt(s) - 0,00%
VANCOUVER VOODOO - 0 on 2 Attempt(s) - 0,00%

Penalty Kill

ANCHORAGE ACES - 2 on 2 Attempt(s) - 100,00% - Score 0 goal in Penalty Kill
VANCOUVER VOODOO - 2 on 2 Attempt(s) - 100,00% - Score 0 goal in Penalty Kill

Team Stat

ANCHORAGE ACES - Hits : 11 - Faceoff Wins : 41 - Blocked Shots : 7 - Penalty Minutes : 4
VANCOUVER VOODOO - Hits : 25 - Faceoff Wins : 40 - Blocked Shots : 8 - Penalty Minutes : 4

Official

Referees : Frederick L'Ecuyer and Trevor Hanson
Linesman : Ken Bonham and Brad Kovachik

Game Notes

Ben Chiarot is injured at 11:40 of 1st period (Left Forearm)

Finance

Level 1 -- Attendance: 7010 (97,36%) -- Ticket Income 1 016 450 $
Level 2 -- Attendance: 5500 (100,00%) -- Ticket Income 550 000 $
Level 3 -- Attendance: 2631 (87,70%) -- Ticket Income 178 908 $
Level 4 -- Attendance: 5269 (87,82%) -- Ticket Income 252 912 $
Luxury Box -- Attendance: 1000 (100,00%) -- Ticket Income 300 000 $
Total Attendance: 21410 (94,32%)
Total Ticket Income: 2 298 270 $
Other Expense: 22 983 $
Total Income: 2 275 287 $

ANCHORAGE ACES

5 vs 5 Forward 
   Center                   Left Wing                Right Wing               Time % Phy DF OF 
 1 Connor McDavid           Nikolaj Ehlers           Nathan MacKinnon         32     0   0  5  
 2 Joshua Norris            Chris Kreider            Jonathan Audy-Marchessaul32     0   2  3  
 3 Phillip Danault          Erik Haula               Ryan Lomberg             28     0   2  3  
 4 Jean-Sebastien Dea       Andrew Ladd              John Klingberg           8      1   2  2  

5 vs 5 Defense 
   Defense                  Defense                                           Time % Phy DF OF 
 1 Seth Jones               Alex Goligoski                                    33     1   2  2  
 2 Jakob Chychrun           Ryan Pulock                                       31     1   2  2  
 3 Ben Chiarot              John Klingberg                                    21     1   2  2  
 4 Ben Chiarot              Jani Hakanpaa                                     15     1   2  2  

PowerPlay Forward 
   Center                   Left Wing                Right Wing               Time % Phy DF OF 
 1 Connor McDavid           Nikolaj Ehlers           Nathan MacKinnon         50     0   0  5  
 2 Joshua Norris            Chris Kreider            Jonathan Audy-Marchessaul50     0   1  4  

PowerPlay Defense
   Defense                  Defense                                           Time % Phy DF OF 
 1 Seth Jones               John Klingberg                                    50     1   2  2  
 2 Jakob Chychrun           Alex Goligoski                                    50     1   2  2  

Penalty Kill 4 Players Forward 
   Center                   Wing                     Time % Phy DF OF 
 1 Phillip Danault          Ryan Lomberg             50     1   2  2  
 2 Erik Haula               Chris Kreider            50     1   2  2  

Penalty Kill 4 Players Defense
   Defense                  Defense                  Time % Phy DF OF 
 1 Ben Chiarot              Ryan Pulock              50     1   2  2  
 2 Seth Jones               Jani Hakanpaa            50     1   2  2  

Penalty Kill - 3 Players Forward 
   Forward                                           Time % Phy DF OF 
 1 Phillip Danault                                   55     1   2  2  
 2 Erik Haula                                        45     1   2  2  

Penalty Kill - 3 Players Defense
   Defense                  Defense                  Time % Phy DF OF 
 1 Ryan Pulock              Seth Jones               55     1   2  2  
 2 Alex Goligoski           Jani Hakanpaa            45     1   2  2  

4 vs 4 Forward 
   Center                   Wing                     Time % Phy DF OF 
 1 Connor McDavid           Phillip Danault          50     1   2  2  
 2 Joshua Norris            Nathan MacKinnon         50     1   2  2  

4 vs 4 Defense
   Defense                  Defense                  Time % Phy DF OF 
 1 Seth Jones               Alex Goligoski           55     1   2  2  
 2 Ryan Pulock              Jani Hakanpaa            45     1   2  2  

Last Minutes Offensive
   Center                   Left Wing                Right Wing               Defense                  Defense                  
   Connor McDavid           Jonathan Audy-MarchessaulNathan MacKinnon         Seth Jones               John Klingberg           

Last Minutes Defensive
   Center                   Left Wing                Right Wing               Defense                  Defense                  
   Connor McDavid           Jonathan Audy-MarchessaulNathan MacKinnon         Seth Jones               Alex Goligoski           

Goaltenders
Starting : Brian Elliott            
Backup : Darcy Kuemper            

Extra Forwards
Normal : Nikolaj Ehlers, Nathan MacKinnon, Connor McDavid - PP : Chris Kreider, Jonathan Audy-Marchessault - PK : Nikolaj Ehlers
Extra Defensemen
Normal : Ben Chiarot, Seth Jones, Alex Goligoski - PP : Ben Chiarot - PK : Ben Chiarot, Seth Jones
Penalty Shots
Connor McDavid, Nathan MacKinnon, Chris Kreider, Jonathan Audy-Marchessault, Joshua Norris
Custom OT Lines Forwards
Nathan MacKinnon, Chris Kreider, Connor McDavid, Jonathan Audy-Marchessault, Joshua Norris, Nikolaj Ehlers, Phillip Danault, Erik Haula, Ryan Lomberg, Andrew Ladd
Custom OT Lines Defensemen
Seth Jones, John Klingberg, Ryan Pulock, Alex Goligoski, Ben Chiarot

Scratches
None

VANCOUVER VOODOO

5 vs 5 Forward 
   Center                   Left Wing                Right Wing               Time % Phy DF OF 
 1 Cole Sillinger           Dominik Kubalik          Josh Anderson            36     1   2  2  
 2 Jake Evans               Anthony Beauvillier      Patric Hornqvist         31     1   2  2  
 3 Noel Acciari             Brendan Lemieux          Brendan Gallagher        23     1   2  2  
 4 Radek Faksa              Marcus Johansson         Jack McBain              10     1   2  2  

5 vs 5 Defense 
   Defense                  Defense                                           Time % Phy DF OF 
 1 Logan Stanley            Matthew Grzelcyk                                  36     1   2  2  
 2 Sebastien Aho            Jordan Harris                                     33     1   2  2  
 3 John Moore               Braden Schneider                                  31     1   2  2  
 4 Matthew Grzelcyk         Jordan Harris                                     0      1   2  2  

PowerPlay Forward 
   Center                   Left Wing                Right Wing               Time % Phy DF OF 
 1 Cole Sillinger           Marcus Johansson         Josh Anderson            55     1   2  2  
 2 Radek Faksa              Dominik Kubalik          Brendan Gallagher        45     1   2  2  

PowerPlay Defense
   Defense                  Defense                                           Time % Phy DF OF 
 1 Jordan Harris            Sebastien Aho                                     55     1   2  2  
 2 Logan Stanley            Matthew Grzelcyk                                  45     1   2  2  

Penalty Kill 4 Players Forward 
   Center                   Wing                     Time % Phy DF OF 
 1 Radek Faksa              Jack McBain              55     1   2  2  
 2 Noel Acciari             Brendan Lemieux          45     1   2  2  

Penalty Kill 4 Players Defense
   Defense                  Defense                  Time % Phy DF OF 
 1 Braden Schneider         John Moore               55     1   2  2  
 2 Logan Stanley            Matthew Grzelcyk         45     1   2  2  

Penalty Kill - 3 Players Forward 
   Forward                                           Time % Phy DF OF 
 1 Jake Evans                                        55     1   2  2  
 2 Jack McBain                                       45     1   2  2  

Penalty Kill - 3 Players Defense
   Defense                  Defense                  Time % Phy DF OF 
 1 Sebastien Aho            John Moore               55     1   2  2  
 2 Logan Stanley            Matthew Grzelcyk         45     1   2  2  

4 vs 4 Forward 
   Center                   Wing                     Time % Phy DF OF 
 1 Jake Evans               Dominik Kubalik          55     1   2  2  
 2 Noel Acciari             Josh Anderson            45     1   2  2  

4 vs 4 Defense
   Defense                  Defense                  Time % Phy DF OF 
 1 Sebastien Aho            Jordan Harris            55     1   2  2  
 2 Logan Stanley            Braden Schneider         45     1   2  2  

Last Minutes Offensive
   Center                   Left Wing                Right Wing               Defense                  Defense                  
   Marcus Johansson         Dominik Kubalik          Patric Hornqvist         Jordan Harris            Matthew Grzelcyk         

Last Minutes Defensive
   Center                   Left Wing                Right Wing               Defense                  Defense                  
   Noel Acciari             Marcus Johansson         Patric Hornqvist         Logan Stanley            Matthew Grzelcyk         

Goaltenders
Starting : Samuel Montembeault      
Backup : Jake Allen               

Extra Forwards
Normal : Anthony Beauvillier, Noel Acciari, Dominik Kubalik - PP : Anthony Beauvillier, Noel Acciari - PK : Dominik Kubalik
Extra Defensemen
Normal : Matthew Grzelcyk, Sebastien Aho, Logan Stanley - PP : Matthew Grzelcyk - PK : Jordan Harris, Logan Stanley
Penalty Shots
Dominik Kubalik, Jake Evans, Marcus Johansson, Josh Anderson, Radek Faksa
Custom OT Lines Forwards
Dominik Kubalik, Patric Hornqvist, Marcus Johansson, Josh Anderson, Radek Faksa, Anthony Beauvillier, Brendan Gallagher, Noel Acciari, Jake Evans, Cole Sillinger
Custom OT Lines Defensemen
Logan Stanley, Jordan Harris, Braden Schneider, Matthew Grzelcyk, Sebastien Aho

Scratches
Josh Bailey (Torn Left MCL Injury), Adam Gaudette (Healthy), Denis Gurianov (Healthy)

% Time on Ice - ANCHORAGE ACES

Lines # - Real PCT - Wanted PCT - Time Play
Normal Forward
1 - 31% - 32% - 16:24
2 - 33% - 32% - 17:47
3 - 27% - 28% - 14:30
4 - 9% - 8% - 4:59
Normal Defense
1 - 22% - 33% - 12:01
2 - 30% - 31% - 16:08
3 - 28% - 21% - 14:46
4 - 20% - 15% - 10:45
PP Forward
1 - 55% - 50% - 2:10
2 - 45% - 50% - 1:48
PP Defense
1 - 45% - 50% - 1:48
2 - 55% - 50% - 2:10
PK Forward
1 - 74% - 50% - 1:45
2 - 26% - 50% - 0:37
PK Defense
1 - 46% - 50% - 1:06
2 - 54% - 50% - 1:16
PK3 Forward
1 - 0% - 55%
2 - 0% - 45%
PK3 Defense
1 - 0% - 55%
2 - 0% - 45%
44 Forward
1 - 0% - 50%
2 - 0% - 50%
44 Defense
1 - 0% - 55%
2 - 0% - 45%
Last Minute Offensive  - 0:00
Last Minute Defensive  - 0:00
Total
Forward - 60:00
Defense - 60:00

% Time on Ice - VANCOUVER VOODOO

Lines # - Real PCT - Wanted PCT - Time Play
Normal Forward
1 - 35% - 36% - 18:27
2 - 30% - 31% - 15:46
3 - 24% - 23% - 12:55
4 - 12% - 10% - 6:14
Normal Defense
1 - 34% - 36% - 18:12
2 - 31% - 33% - 16:21
3 - 32% - 31% - 17:14
4 - 3% - 0% - 1:35
PP Forward
1 - 30% - 55% - 0:43
2 - 70% - 45% - 1:39
PP Defense
1 - 61% - 55% - 1:26
2 - 39% - 45% - 0:56
PK Forward
1 - 69% - 55% - 2:45
2 - 31% - 45% - 1:13
PK Defense
1 - 50% - 55% - 1:59
2 - 50% - 45% - 1:59
PK3 Forward
1 - 0% - 55%
2 - 0% - 45%
PK3 Defense
1 - 0% - 55%
2 - 0% - 45%
44 Forward
1 - 0% - 55%
2 - 0% - 45%
44 Defense
1 - 0% - 55%
2 - 0% - 45%
Last Minute Offensive  - 0:00
Last Minute Defensive  - 0:18
Total
Forward - 60:00
Defense - 60:00

Play-by-Play

1st period


0:01 of 1st period - Cole Sillinger wins face-off versus Connor McDavid in neutral zone.
0:05 of 1st period - Icing by Alex Goligoski.
0:06 of 1st period - Jake Evans wins face-off versus Nathan MacKinnon in ANCHORAGE ACES zone.
0:14 of 1st period - Icing by Nathan MacKinnon.
0:15 of 1st period - Connor McDavid wins face-off versus Noel Acciari in ANCHORAGE ACES zone.
0:15 of 1st period - Connor McDavid is hit by Brendan Lemieux.
0:34 of 1st period - Shot by Nathan MacKinnon.
0:34 of 1st period - Shot Misses the Net.
0:36 of 1st period - Shot by Connor McDavid.
0:36 of 1st period - Stopped by Samuel Montembeault without a rebound.
0:37 of 1st period - Cole Sillinger wins face-off versus Joshua Norris in VANCOUVER VOODOO zone.
0:49 of 1st period - Icing by Chris Kreider.
0:50 of 1st period - Joshua Norris wins face-off versus Jake Evans in ANCHORAGE ACES zone.
1:08 of 1st period - Icing by Jordan Harris.
1:09 of 1st period - Phillip Danault wins face-off versus Jake Evans in VANCOUVER VOODOO zone.
1:45 of 1st period - Icing by Ben Chiarot.
1:46 of 1st period - Erik Haula wins face-off versus Cole Sillinger in ANCHORAGE ACES zone.
1:50 of 1st period - Off-side.
1:51 of 1st period - Josh Anderson wins face-off versus Joshua Norris in neutral zone.
2:03 of 1st period - Shot by Chris Kreider.
2:03 of 1st period - Stopped by Samuel Montembeault with a rebound.
2:33 of 1st period - Shot by Chris Kreider.
2:33 of 1st period - Shot Misses the Net.
2:40 of 1st period - Off-side.
2:41 of 1st period - Connor McDavid wins face-off versus Radek Faksa in neutral zone.
2:44 of 1st period - Radek Faksa is hit by Nikolaj Ehlers and loses puck.
3:09 of 1st period - Shot by Radek Faksa.
3:09 of 1st period - Stopped by Brian Elliott without a rebound.
3:10 of 1st period - Jean-Sebastien Dea wins face-off versus Noel Acciari in ANCHORAGE ACES zone.
3:10 of 1st period - Seth Jones is hit by Brendan Lemieux.
3:26 of 1st period - Shot by Seth Jones.
3:26 of 1st period - Stopped by Samuel Montembeault without a rebound.
3:27 of 1st period - Phillip Danault wins face-off versus Jake Evans in VANCOUVER VOODOO zone.
3:35 of 1st period - Phillip Danault is hit by Braden Schneider and loses puck.
3:57 of 1st period - Off-side.
3:58 of 1st period - Connor McDavid wins face-off versus Noel Acciari in neutral zone.
5:22 of 1st period - Shot by Dominik Kubalik.
5:22 of 1st period - Shot Blocked by John Klingberg.
5:42 of 1st period - Shot by Jake Evans.
5:42 of 1st period - Shot Misses the Net.
5:52 of 1st period - Shot by Patric Hornqvist.
5:52 of 1st period - Shot Misses the Net.
5:54 of 1st period - Shot by Jake Evans.
5:54 of 1st period - Stopped by Brian Elliott with a rebound.
6:41 of 1st period - Marcus Johansson is hit by Ben Chiarot and loses puck.
7:31 of 1st period - Off-side.
7:32 of 1st period - Cole Sillinger wins face-off versus Nikolaj Ehlers in neutral zone.
7:55 of 1st period - Shot by Cole Sillinger.
7:55 of 1st period - Stopped by Brian Elliott with a rebound.
8:30 of 1st period - Shot by Phillip Danault.
8:30 of 1st period - Stopped by Samuel Montembeault with a rebound.
8:32 of 1st period - Shot by Phillip Danault.
8:32 of 1st period - Shot Misses the Net.
8:47 of 1st period - Shot by Phillip Danault.
8:47 of 1st period - Shot Blocked by Braden Schneider.
10:20 of 1st period - Nathan MacKinnon is hit by John Moore and loses puck.
10:23 of 1st period - Shot by Nikolaj Ehlers.
10:23 of 1st period - Shot Misses the Net.
10:34 of 1st period - Jonathan Audy-Marchessault is hit by John Moore and loses puck.
10:41 of 1st period - Shot by Joshua Norris.
10:41 of 1st period - Shot Blocked by Dominik Kubalik.
11:10 of 1st period - Ryan Pulock is hit by Braden Schneider and loses puck.
11:40 of 1st period - Shot by Patric Hornqvist.
11:40 of 1st period - Shot Blocked by Ben Chiarot.
11:40 of 1st period - Ben Chiarot from ANCHORAGE ACES is injured at 11:40 of 1st period (Left Forearm).
11:41 of 1st period - Jean-Sebastien Dea wins face-off versus Noel Acciari in ANCHORAGE ACES zone.
11:43 of 1st period - Icing by Nikolaj Ehlers.
11:44 of 1st period - Jake Evans wins face-off versus Jean-Sebastien Dea in ANCHORAGE ACES zone.
11:49 of 1st period - Shot by Patric Hornqvist.
11:49 of 1st period - Stopped by Brian Elliott with a rebound.
12:51 of 1st period - Shot by Erik Haula.
12:51 of 1st period - Stopped by Samuel Montembeault without a rebound.
12:52 of 1st period - Joshua Norris wins face-off versus Brendan Gallagher in VANCOUVER VOODOO zone.
12:57 of 1st period - Shot by Joshua Norris.
12:57 of 1st period - Stopped by Samuel Montembeault without a rebound.
12:58 of 1st period - Phillip Danault wins face-off versus Brendan Gallagher in VANCOUVER VOODOO zone.
12:58 of 1st period - Phillip Danault is hit by Jordan Harris.
13:01 of 1st period - Minor Penalty to Ryan Lomberg for Hooking.
13:02 of 1st period - Radek Faksa wins face-off versus Phillip Danault in ANCHORAGE ACES zone.
13:36 of 1st period - Icing by Brendan Gallagher.
13:37 of 1st period - Erik Haula wins face-off versus Radek Faksa in VANCOUVER VOODOO zone.
13:42 of 1st period - Shot by Erik Haula.
13:42 of 1st period - Shot Misses the Net.
14:16 of 1st period - Shot by Patric Hornqvist.
14:16 of 1st period - Shot Misses the Net.
14:22 of 1st period - Shot by Patric Hornqvist.
14:22 of 1st period - Shot Misses the Net.
14:24 of 1st period - Shot by Logan Stanley.
14:24 of 1st period - Stopped by Brian Elliott without a rebound.
14:25 of 1st period - Radek Faksa wins face-off versus Phillip Danault in ANCHORAGE ACES zone.
14:28 of 1st period - Shot by Anthony Beauvillier.
14:28 of 1st period - Deflect By Brendan Gallagher.
14:28 of 1st period - Stopped by Brian Elliott without a rebound.
14:29 of 1st period - Radek Faksa wins face-off versus Phillip Danault in ANCHORAGE ACES zone.
14:46 of 1st period - Shot by Brendan Gallagher.
14:46 of 1st period - Shot Blocked by Seth Jones.
15:17 of 1st period - Shot by Jake Evans.
15:17 of 1st period - Stopped by Brian Elliott without a rebound.
15:18 of 1st period - Jean-Sebastien Dea wins face-off versus Radek Faksa in ANCHORAGE ACES zone.
16:20 of 1st period - Icing by Logan Stanley.
16:21 of 1st period - Jake Evans wins face-off versus Nathan MacKinnon in VANCOUVER VOODOO zone.
16:34 of 1st period - Shot by Connor McDavid.
16:34 of 1st period - Stopped by Samuel Montembeault without a rebound.
16:35 of 1st period - Noel Acciari wins face-off versus Phillip Danault in VANCOUVER VOODOO zone.
17:02 of 1st period - Shot by Brendan Gallagher.
17:02 of 1st period - Stopped by Brian Elliott without a rebound.
17:03 of 1st period - Jake Evans wins face-off versus Connor McDavid in ANCHORAGE ACES zone.
17:37 of 1st period - Shot by Connor McDavid.
17:37 of 1st period - Stopped by Samuel Montembeault without a rebound.
17:38 of 1st period - Joshua Norris wins face-off versus Noel Acciari in VANCOUVER VOODOO zone.
17:39 of 1st period - Shot by Jonathan Audy-Marchessault.
17:39 of 1st period - Shot Blocked by Brendan Lemieux.
18:01 of 1st period - Shot by Joshua Norris.
18:01 of 1st period - Stopped by Samuel Montembeault without a rebound.
18:02 of 1st period - Phillip Danault wins face-off versus Cole Sillinger in VANCOUVER VOODOO zone.
18:06 of 1st period - Icing by Sebastien Aho.
18:07 of 1st period - Josh Anderson wins face-off versus Connor McDavid in VANCOUVER VOODOO zone.
18:35 of 1st period - Icing by Ryan Pulock.
18:36 of 1st period - Noel Acciari wins face-off versus Connor McDavid in ANCHORAGE ACES zone.
19:12 of 1st period - Icing by Logan Stanley.
19:13 of 1st period - Phillip Danault wins face-off versus Noel Acciari in VANCOUVER VOODOO zone.
19:20 of 1st period - Shot by Erik Haula.
19:20 of 1st period - Stopped by Samuel Montembeault without a rebound.
19:21 of 1st period - Jake Evans wins face-off versus Joshua Norris in VANCOUVER VOODOO zone.
19:48 of 1st period - Shot by Jonathan Audy-Marchessault.
19:48 of 1st period - Shot Misses the Net.
Goals for this period are 0 for ANCHORAGE ACES vs 0 for VANCOUVER VOODOO.
Shots for this period are 10 for ANCHORAGE ACES vs 8 for VANCOUVER VOODOO.

2nd period


0:01 of 2nd period - Noel Acciari wins face-off versus Phillip Danault in neutral zone.
0:32 of 2nd period - Erik Haula is hit by Matthew Grzelcyk and loses puck.
1:18 of 2nd period - Shot by Chris Kreider.
1:18 of 2nd period - Goal by Chris Kreider - ANCHORAGE ACES : 1 - VANCOUVER VOODOO : 0.
1:19 of 2nd period - Cole Sillinger wins face-off versus Nikolaj Ehlers in neutral zone.
1:21 of 2nd period - Off-side.
1:22 of 2nd period - Connor McDavid wins face-off versus Cole Sillinger in neutral zone.
1:22 of 2nd period - Nathan MacKinnon is hit by Josh Anderson and loses puck.
1:57 of 2nd period - Dominik Kubalik is hit by Jani Hakanpaa and loses puck.
2:04 of 2nd period - Shot by Cole Sillinger.
2:04 of 2nd period - Shot Misses the Net.
2:26 of 2nd period - Shot by Erik Haula.
2:26 of 2nd period - Shot Misses the Net.
2:28 of 2nd period - Shot by John Klingberg.
2:28 of 2nd period - Shot Hit the Post.
2:52 of 2nd period - Shot by Erik Haula.
2:52 of 2nd period - Shot Misses the Net.
2:54 of 2nd period - Shot by Ryan Lomberg.
2:54 of 2nd period - Shot Misses the Net.
2:56 of 2nd period - Shot by Erik Haula.
2:56 of 2nd period - Shot Blocked by Braden Schneider.
2:58 of 2nd period - Shot by Ryan Lomberg.
2:58 of 2nd period - Stopped by Samuel Montembeault without a rebound.
2:59 of 2nd period - Radek Faksa wins face-off versus Joshua Norris in VANCOUVER VOODOO zone.
3:20 of 2nd period - Shot by Joshua Norris.
3:20 of 2nd period - Stopped by Samuel Montembeault without a rebound.
3:21 of 2nd period - Connor McDavid wins face-off versus Cole Sillinger in VANCOUVER VOODOO zone.
3:40 of 2nd period - Shot by Connor McDavid.
3:40 of 2nd period - Goal by Connor McDavid - ANCHORAGE ACES : 2 - VANCOUVER VOODOO : 0.
3:41 of 2nd period - Brendan Lemieux wins face-off versus Chris Kreider in neutral zone.
3:41 of 2nd period - Noel Acciari is hit by Joshua Norris and loses puck.
4:16 of 2nd period - Shot by Joshua Norris.
4:16 of 2nd period - Stopped by Samuel Montembeault with a rebound.
4:35 of 2nd period - Icing by Cole Sillinger.
4:36 of 2nd period - Cole Sillinger wins face-off versus Phillip Danault in VANCOUVER VOODOO zone.
4:55 of 2nd period - Shot by Phillip Danault.
4:55 of 2nd period - Shot Misses the Net.
6:43 of 2nd period - Shot by Brendan Gallagher.
6:43 of 2nd period - Stopped by Brian Elliott with a rebound.
6:45 of 2nd period - Shot by Brendan Lemieux.
6:45 of 2nd period - Stopped by Brian Elliott without a rebound.
6:46 of 2nd period - Phillip Danault wins face-off versus Radek Faksa in ANCHORAGE ACES zone.
6:46 of 2nd period - Phillip Danault is hit by Jack McBain.
9:30 of 2nd period - Icing by John Moore.
9:31 of 2nd period - Noel Acciari wins face-off versus Connor McDavid in VANCOUVER VOODOO zone.
9:31 of 2nd period - Brendan Gallagher is hit by Nathan MacKinnon and loses puck.
9:56 of 2nd period - Brendan Lemieux is hit by Ryan Pulock and loses puck.
10:12 of 2nd period - Off-side.
10:13 of 2nd period - Joshua Norris wins face-off versus Cole Sillinger in neutral zone.
10:13 of 2nd period - Joshua Norris is hit by Josh Anderson.
10:34 of 2nd period - Shot by Dominik Kubalik.
10:34 of 2nd period - Stopped by Brian Elliott with a rebound.
10:36 of 2nd period - Shot by Jordan Harris.
10:36 of 2nd period - Shot Blocked by Seth Jones.
10:54 of 2nd period - Shot by Chris Kreider.
10:54 of 2nd period - Shot Blocked by Jordan Harris.
11:34 of 2nd period - Shot by Jack McBain.
11:34 of 2nd period - Shot Misses the Net.
12:03 of 2nd period - Phillip Danault is hit by Logan Stanley and loses puck.
12:13 of 2nd period - Minor Penalty to Logan Stanley for Delaying the game.
12:14 of 2nd period - Joshua Norris wins face-off versus Noel Acciari in VANCOUVER VOODOO zone.
12:18 of 2nd period - Jonathan Audy-Marchessault is hit by Braden Schneider and loses puck.
12:42 of 2nd period - Jonathan Audy-Marchessault is hit by John Moore and loses puck.
12:55 of 2nd period - Shot by Chris Kreider.
12:55 of 2nd period - Stopped by Samuel Montembeault without a rebound.
12:56 of 2nd period - Connor McDavid wins face-off versus Radek Faksa in VANCOUVER VOODOO zone.
13:05 of 2nd period - Shot by Nathan MacKinnon.
13:05 of 2nd period - Stopped by Samuel Montembeault without a rebound.
13:06 of 2nd period - Radek Faksa wins face-off versus Connor McDavid in VANCOUVER VOODOO zone.
13:37 of 2nd period - Shot by Nikolaj Ehlers.
13:37 of 2nd period - Stopped by Samuel Montembeault without a rebound.
13:38 of 2nd period - Radek Faksa wins face-off versus Joshua Norris in VANCOUVER VOODOO zone.
13:53 of 2nd period - Shot by Jonathan Audy-Marchessault.
13:53 of 2nd period - Stopped by Samuel Montembeault without a rebound.
13:54 of 2nd period - Radek Faksa wins face-off versus Nikolaj Ehlers in VANCOUVER VOODOO zone.
14:14 of 2nd period - Shot by Connor McDavid.
14:14 of 2nd period - Stopped by Samuel Montembeault without a rebound.
14:15 of 2nd period - Joshua Norris wins face-off versus Jake Evans in VANCOUVER VOODOO zone.
14:38 of 2nd period - Shot by Anthony Beauvillier.
14:38 of 2nd period - Shot Misses the Net.
14:40 of 2nd period - Shot by Anthony Beauvillier.
14:40 of 2nd period - Shot Misses the Net.
14:42 of 2nd period - Shot by Patric Hornqvist.
14:42 of 2nd period - Shot Blocked by Seth Jones.
14:44 of 2nd period - Shot by Patric Hornqvist.
14:44 of 2nd period - Stopped by Brian Elliott without a rebound.
14:45 of 2nd period - Connor McDavid wins face-off versus Cole Sillinger in ANCHORAGE ACES zone.
14:50 of 2nd period - Shot by Nikolaj Ehlers.
14:50 of 2nd period - Shot Blocked by Sebastien Aho.
14:52 of 2nd period - Shot by Nikolaj Ehlers.
14:52 of 2nd period - Stopped by Samuel Montembeault with a rebound.
15:02 of 2nd period - Shot by Nikolaj Ehlers.
15:02 of 2nd period - Shot Misses the Net.
15:04 of 2nd period - Shot by Nikolaj Ehlers.
15:04 of 2nd period - Stopped by Samuel Montembeault without a rebound.
15:05 of 2nd period - Noel Acciari wins face-off versus Phillip Danault in VANCOUVER VOODOO zone.
15:33 of 2nd period - Shot by Seth Jones.
15:33 of 2nd period - Stopped by Samuel Montembeault with a rebound.
15:39 of 2nd period - Shot by Phillip Danault.
15:39 of 2nd period - Deflect By Erik Haula.
15:39 of 2nd period - Shot Misses the Net.
15:41 of 2nd period - Shot by Phillip Danault.
15:41 of 2nd period - Stopped by Samuel Montembeault with a rebound.
15:43 of 2nd period - Shot by Phillip Danault.
15:43 of 2nd period - Deflect By Erik Haula.
15:43 of 2nd period - Shot Misses the Net.
15:46 of 2nd period - Ryan Lomberg is hit by Logan Stanley and loses puck.
15:58 of 2nd period - Nathan MacKinnon is hit by Logan Stanley and loses puck.
16:04 of 2nd period - Minor Penalty to Logan Stanley for Holding.
16:05 of 2nd period - Joshua Norris wins face-off versus Radek Faksa in VANCOUVER VOODOO zone.
16:27 of 2nd period - Shot by Jonathan Audy-Marchessault.
16:27 of 2nd period - Stopped by Samuel Montembeault with a rebound.
17:13 of 2nd period - Shot by Nathan MacKinnon.
17:13 of 2nd period - Stopped by Samuel Montembeault without a rebound.
17:14 of 2nd period - Radek Faksa wins face-off versus Connor McDavid in VANCOUVER VOODOO zone.
17:42 of 2nd period - Icing by Connor McDavid.
17:43 of 2nd period - Connor McDavid wins face-off versus Radek Faksa in ANCHORAGE ACES zone.
18:51 of 2nd period - Shot by Dominik Kubalik.
18:51 of 2nd period - Stopped by Brian Elliott without a rebound.
18:52 of 2nd period - Cole Sillinger wins face-off versus Phillip Danault in ANCHORAGE ACES zone.
19:09 of 2nd period - Shot by Erik Haula.
19:09 of 2nd period - Shot Blocked by Sebastien Aho.
19:58 of 2nd period - Icing by Matthew Grzelcyk.
19:59 of 2nd period - Noel Acciari wins face-off versus Joshua Norris in VANCOUVER VOODOO zone.
Goals for this period are 2 for ANCHORAGE ACES vs 0 for VANCOUVER VOODOO.
Shots for this period are 16 for ANCHORAGE ACES vs 5 for VANCOUVER VOODOO.

3rd period


0:01 of 3rd period - Jake Evans wins face-off versus Connor McDavid in neutral zone.
0:19 of 3rd period - Icing by Alex Goligoski.
0:20 of 3rd period - Connor McDavid wins face-off versus Josh Anderson in ANCHORAGE ACES zone.
0:20 of 3rd period - Connor McDavid is hit by Cole Sillinger.
1:21 of 3rd period - Shot by Jonathan Audy-Marchessault.
1:21 of 3rd period - Shot Blocked by Matthew Grzelcyk.
1:23 of 3rd period - Shot by Joshua Norris.
1:23 of 3rd period - Shot Misses the Net.
1:34 of 3rd period - Icing by Matthew Grzelcyk.
1:35 of 3rd period - Cole Sillinger wins face-off versus Phillip Danault in VANCOUVER VOODOO zone.
2:06 of 3rd period - Shot by Anthony Beauvillier.
2:06 of 3rd period - Shot Misses the Net.
2:08 of 3rd period - Shot by Jordan Harris.
2:08 of 3rd period - Stopped by Brian Elliott without a rebound.
2:09 of 3rd period - Noel Acciari wins face-off versus Joshua Norris in ANCHORAGE ACES zone.
2:09 of 3rd period - Brendan Lemieux is hit by Jani Hakanpaa and loses puck.
2:25 of 3rd period - Jonathan Audy-Marchessault is hit by Braden Schneider and loses puck.
2:32 of 3rd period - Shot by Chris Kreider.
2:32 of 3rd period - Stopped by Samuel Montembeault without a rebound.
2:33 of 3rd period - Jake Evans wins face-off versus Connor McDavid in VANCOUVER VOODOO zone.
4:11 of 3rd period - Icing by Ryan Pulock.
4:12 of 3rd period - Cole Sillinger wins face-off versus Chris Kreider in ANCHORAGE ACES zone.
4:23 of 3rd period - Shot by Dominik Kubalik.
4:23 of 3rd period - Shot Misses the Net.
4:25 of 3rd period - Shot by Dominik Kubalik.
4:25 of 3rd period - Shot Misses the Net.
4:27 of 3rd period - Shot by Josh Anderson.
4:27 of 3rd period - Shot Misses the Net.
5:13 of 3rd period - Phillip Danault is hit by Josh Anderson and loses puck.
5:25 of 3rd period - Icing by Dominik Kubalik.
5:26 of 3rd period - Connor McDavid wins face-off versus Cole Sillinger in VANCOUVER VOODOO zone.
5:26 of 3rd period - Connor McDavid is hit by Logan Stanley.
5:37 of 3rd period - Icing by Matthew Grzelcyk.
5:38 of 3rd period - Jean-Sebastien Dea wins face-off versus Josh Anderson in VANCOUVER VOODOO zone.
5:38 of 3rd period - Seth Jones is hit by Logan Stanley and loses puck.
7:40 of 3rd period - Shot by Joshua Norris.
7:40 of 3rd period - Shot Misses the Net.
7:46 of 3rd period - Shot by Chris Kreider.
7:46 of 3rd period - Stopped by Samuel Montembeault with a rebound.
8:01 of 3rd period - Shot by Radek Faksa.
8:01 of 3rd period - Stopped by Brian Elliott with a rebound.
8:03 of 3rd period - Shot by Jack McBain.
8:03 of 3rd period - Shot Misses the Net.
8:05 of 3rd period - Shot by Jack McBain.
8:05 of 3rd period - Stopped by Brian Elliott without a rebound.
8:06 of 3rd period - Radek Faksa wins face-off versus Phillip Danault in ANCHORAGE ACES zone.
8:17 of 3rd period - Shot by Jack McBain.
8:17 of 3rd period - Shot Misses the Net.
8:20 of 3rd period - Icing by Jani Hakanpaa.
8:21 of 3rd period - Phillip Danault wins face-off versus Jack McBain in ANCHORAGE ACES zone.
9:00 of 3rd period - Jani Hakanpaa is hit by Jack McBain.
9:23 of 3rd period - Shot by Dominik Kubalik.
9:23 of 3rd period - Stopped by Brian Elliott without a rebound.
9:24 of 3rd period - Nathan MacKinnon wins face-off versus Jake Evans in ANCHORAGE ACES zone.
9:52 of 3rd period - Shot by Connor McDavid.
9:52 of 3rd period - Shot Misses the Net.
10:11 of 3rd period - Icing by Jakob Chychrun.
10:12 of 3rd period - Connor McDavid wins face-off versus Cole Sillinger in ANCHORAGE ACES zone.
10:21 of 3rd period - Jordan Harris is hit by Nathan MacKinnon and loses puck.
10:32 of 3rd period - Shot by Dominik Kubalik.
10:32 of 3rd period - Deflect By Josh Anderson.
10:32 of 3rd period - Shot Misses the Net.
11:13 of 3rd period - Shot by Brendan Lemieux.
11:13 of 3rd period - Shot Misses the Net.
11:15 of 3rd period - Shot by Noel Acciari.
11:15 of 3rd period - Shot Misses the Net.
11:17 of 3rd period - Shot by Noel Acciari.
11:17 of 3rd period - Goal by Noel Acciari - ANCHORAGE ACES : 2 - VANCOUVER VOODOO : 1.
11:18 of 3rd period - Jake Evans wins face-off versus Jean-Sebastien Dea in neutral zone.
11:20 of 3rd period - Off-side.
11:21 of 3rd period - Jake Evans wins face-off versus Joshua Norris in neutral zone.
11:26 of 3rd period - Shot by Patric Hornqvist.
11:26 of 3rd period - Shot Misses the Net.
11:28 of 3rd period - Shot by Anthony Beauvillier.
11:28 of 3rd period - Shot Misses the Net.
11:30 of 3rd period - Shot by Patric Hornqvist.
11:30 of 3rd period - Goal by Patric Hornqvist - ANCHORAGE ACES : 2 - VANCOUVER VOODOO : 2.
11:31 of 3rd period - Noel Acciari wins face-off versus Joshua Norris in neutral zone.
11:41 of 3rd period - Noel Acciari is hit by Seth Jones and loses puck.
12:24 of 3rd period - Shot by Anthony Beauvillier.
12:24 of 3rd period - Stopped by Brian Elliott without a rebound.
12:25 of 3rd period - Phillip Danault wins face-off versus Cole Sillinger in ANCHORAGE ACES zone.
13:51 of 3rd period - Shot by Anthony Beauvillier.
13:51 of 3rd period - Shot Misses the Net.
13:53 of 3rd period - Shot by Sebastien Aho.
13:53 of 3rd period - Shot Misses the Net.
13:55 of 3rd period - Shot by Jake Evans.
13:55 of 3rd period - Stopped by Brian Elliott without a rebound.
13:56 of 3rd period - Joshua Norris wins face-off versus Noel Acciari in ANCHORAGE ACES zone.
14:12 of 3rd period - Chris Kreider is hit by Brendan Lemieux and loses puck.
14:25 of 3rd period - Shot by Brendan Gallagher.
14:25 of 3rd period - Goal by Brendan Gallagher - ANCHORAGE ACES : 2 - VANCOUVER VOODOO : 3.
14:26 of 3rd period - Connor McDavid wins face-off versus Jake Evans in neutral zone.
14:29 of 3rd period - Patric Hornqvist is hit by Connor McDavid and loses puck.
14:44 of 3rd period - Shot by Connor McDavid.
14:44 of 3rd period - Deflect By Nikolaj Ehlers.
14:44 of 3rd period - Stopped by Samuel Montembeault without a rebound.
14:45 of 3rd period - Radek Faksa wins face-off versus Joshua Norris in VANCOUVER VOODOO zone.
16:10 of 3rd period - Shot by Connor McDavid.
16:10 of 3rd period - Shot Misses the Net.
16:12 of 3rd period - Shot by Nikolaj Ehlers.
16:12 of 3rd period - Stopped by Samuel Montembeault with a rebound.
16:14 of 3rd period - Shot by Nathan MacKinnon.
16:14 of 3rd period - Shot Misses the Net.
16:16 of 3rd period - Shot by Nathan MacKinnon.
16:16 of 3rd period - Stopped by Samuel Montembeault without a rebound.
16:17 of 3rd period - Phillip Danault wins face-off versus Cole Sillinger in VANCOUVER VOODOO zone.
16:17 of 3rd period - Jakob Chychrun is hit by Logan Stanley and loses puck.
16:39 of 3rd period - Shot by Cole Sillinger.
16:39 of 3rd period - Shot Blocked by John Klingberg.
16:43 of 3rd period - Shot by Dominik Kubalik.
16:43 of 3rd period - Shot Blocked by Jakob Chychrun.
16:45 of 3rd period - Shot by Logan Stanley.
16:45 of 3rd period - Stopped by Brian Elliott with a rebound.
17:27 of 3rd period - Icing by Brendan Gallagher.
17:28 of 3rd period - Connor McDavid wins face-off versus Noel Acciari in VANCOUVER VOODOO zone.
17:31 of 3rd period - Shot by Connor McDavid.
17:31 of 3rd period - Deflect By Nathan MacKinnon.
17:31 of 3rd period - Stopped by Samuel Montembeault without a rebound.
17:32 of 3rd period - Jake Evans wins face-off versus Connor McDavid in VANCOUVER VOODOO zone.
17:36 of 3rd period - Patric Hornqvist is hit by Alex Goligoski and loses puck.
17:40 of 3rd period - Icing by Seth Jones.
17:41 of 3rd period - Nathan MacKinnon wins face-off versus Jake Evans in ANCHORAGE ACES zone.
18:27 of 3rd period - Shot by Connor McDavid.
18:27 of 3rd period - Stopped by Samuel Montembeault without a rebound.
18:28 of 3rd period - Cole Sillinger wins face-off versus Jonathan Audy-Marchessault in VANCOUVER VOODOO zone.
18:35 of 3rd period - Jakob Chychrun is hit by Cole Sillinger.
18:36 of 3rd period - Icing by Jakob Chychrun.
18:37 of 3rd period - Joshua Norris wins face-off versus Noel Acciari in ANCHORAGE ACES zone.
19:21 of 3rd period - Icing by Jakob Chychrun.
19:22 of 3rd period - Joshua Norris wins face-off versus Noel Acciari in ANCHORAGE ACES zone.
19:27 of 3rd period - ANCHORAGE ACES, Brian Elliott is pulled from the net.
19:36 of 3rd period - Minor Penalty to Chris Kreider for Holding.
19:37 of 3rd period - Brian Elliott from ANCHORAGE ACES was sent back in the game.
19:37 of 3rd period - Phillip Danault wins face-off versus Cole Sillinger in ANCHORAGE ACES zone.
Goals for this period are 0 for ANCHORAGE ACES vs 3 for VANCOUVER VOODOO.
Shots for this period are 7 for ANCHORAGE ACES vs 10 for VANCOUVER VOODOO.


NATHAN
MACKINNON
PHILLIP
DANAULT
CONNOR
MCDAVID

EAST COAST

HOCKEY LEAGUE

  • 25.QUE4CHI5
  • 26.CHA2LIM3
  • 27.TRV2LON3
  • 28.CHW4BAL2
  • 29.PITMAN
  • 30.ATLNHW
  • 31.WORPET
  • 32.RHI